[Event "1000GM Winter IM Norm-2 2024"]
[Site "Sunnyvale/"]
[Date "2024.01.06"]
[Round "8.2"]
[White "Karthi, Jashith"]
[Black "Ramirez, Carlos"]
[Result "1/2-1/2"]
[ECO "E63"]
[WhiteElo "2032"]
[BlackElo "2190"]
[Annotator "RC"]
[PlyCount "99"]
[EventDate "2023.12.14"]
[EventType "schev"]
[EventCountry "USA"]
[SourceTitle "playchess.com"]
[Source "ChessBase"]
[SourceQuality "1"]
[TimeControl "5400+30"]

1. d4 Nf6 2. c4 g6 3. Nf3 Bg7 4. g3 O-O 5. Bg2 d6 6. O-O Nc6 7. Nc3 a6 8. Bf4 Rb8 9. Rc1 Nd7 10. d5 Na5 11. Nd2 c5 12. a3 b5 13. cxb5 axb5 14. b4 Nc4 15. Nxc4 bxc4 16. Na2 Bb2 17. Rxc4 Bxa3 18. Bh6 Re8 19. bxc5 Nxc5 20. Rh4 Bb2 21. Rb4 Rxb4 22. Nxb4 Bf6 23. Nc6 Qc7 24. Bf4 Bb7 25. Qc2 Qc8 26. Rb1 Qa8 27. Be3 Nd7 28. Qb3 Ba6 29. Qa2 Ne5 30. f4 Ng4 31. Bb6 h5 32. h3 Nh6 33. e4 Kf8 34. e5 Bg7 35. Ra1 Bb7 36. Qb2 Qc8 37. Ra3 Nf5 38. Bf2 Bxc6 39. dxc6 dxe5 40. fxe5 Qc7 41. Ra7 Bxe5 42. Rxc7 Bxb2 43. Rb7 Be5 44. c7 Nxg3 45. Bc6 Rc8 46. Bb6 Ne2+ 47. Kf2 Bxc7 48. Rxc7 Rxc7 49. Bxc7 Nd4 50. Bd5 1/2-1/2

[Event "1000GM Winter IM Norm-2 2024"]
[Site "Sunnyvale/"]
[Date "2024.01.06"]
[Round "8.3"]
[White "Goktepe, Derin"]
[Black "Arenas, David"]
[Result "1/2-1/2"]
[ECO "D24"]
[WhiteElo "2187"]
[BlackElo "2406"]
[Annotator "RC"]
[PlyCount "46"]
[EventDate "2023.12.14"]
[EventType "schev"]
[EventCountry "USA"]
[SourceTitle "playchess.com"]
[Source "ChessBase"]
[SourceQuality "1"]
[TimeControl "5400+30"]

1. d4 Nf6 2. c4 e6 3. Nf3 d5 4. Nc3 dxc4 5. e4 b5 6. Nxb5 Nxe4 7. Qa4 c6 8. Nc3 Nd6 9. Bf4 Be7 10. Bxd6 Qxd6 11. Bxc4 O-O 12. O-O Nd7 13. Ne4 Qf4 14. Qc2 a5 15. Bd3 Ba6 16. Bxa6 Rxa6 17. b3 h6 18. Qd3 Rfa8 19. Rac1 a4 20. bxa4 Rxa4 21. Rxc6 Rxa2 22. g3 Qb8 23. Rfc1 Nf6 1/2-1/2

[Event "1000GM Winter IM Norm-2 2024"]
[Site "Sunnyvale/"]
[Date "2024.01.06"]
[Round "8.4"]
[White "Atwell, Rose"]
[Black "Mede, Istvan"]
[Result "1/2-1/2"]
[ECO "B13"]
[WhiteElo "2104"]
[BlackElo "2187"]
[Annotator "RC"]
[PlyCount "102"]
[EventDate "2023.12.14"]
[EventType "schev"]
[EventCountry "USA"]
[SourceTitle "playchess.com"]
[Source "ChessBase"]
[SourceQuality "1"]
[TimeControl "5400+30"]

1. e4 c6 2. d4 d5 3. exd5 cxd5 4. Bd3 Nf6 5. h3 Nc6 6. c3 g6 7. Nf3 Bg7 8. O-O O-O 9. Re1 Bf5 10. Bf1 Qc7 11. Be3 Rfe8 12. Nbd2 a6 13. Nb3 Rad8 14. Qc1 Ne4 15. Bf4 Qb6 16. Qe3 Nd6 17. g4 Bc8 18. Nfd2 Na5 19. Nxa5 Qxa5 20. Bg2 e6 21. Bf1 Qb6 22. Qg3 Qc6 23. Bd3 b6 24. Re2 Bb7 25. Rae1 Nc4 26. Nxc4 dxc4 27. Be4 Qc8 28. Be5 Bxe4 29. Bxg7 Kxg7 30. Qe5+ Kg8 31. Rxe4 Rf8 32. Qg5 Rd5 33. Qh6 Qd8 34. Re5 Rxe5 35. Rxe5 Qf6 36. Kg2 Rd8 37. Qe3 Qe7 38. Qe4 Qd7 39. g5 Kg7 40. h4 Kg8 41. Qf3 Qa4 42. a3 Qc2 43. Qe2 Qxe2 44. Rxe2 Rd5 45. Re5 Kf8 46. Kf3 Ke7 47. Rxd5 exd5 48. Kf4 Kd6 49. f3 b5 50. Kg4 Ke6 51. Kf4 Kd6 1/2-1/2

[Event "1000GM Winter IM Norm-2 2024"]
[Site "Sunnyvale/"]
[Date "2024.01.06"]
[Round "8.5"]
[White "Sivakumar, Shaaketh"]
[Black "Stopa, Jacek"]
[Result "1/2-1/2"]
[ECO "B13"]
[WhiteElo "2364"]
[BlackElo "2344"]
[Annotator "ChessBase"]
[PlyCount "22"]
[EventDate "2023.12.14"]
[EventType "schev"]
[EventCountry "USA"]
[SourceTitle "playchess.com"]
[Source "ChessBase"]
[SourceQuality "1"]
[TimeControl "5400+30"]

1. Nf3 d5 2. d4 Nf6 3. Bf4 c5 4. e3 cxd4 5. exd4 Nc6 6. c3 Nh5 7. Be3 Nf6 8. Bf4 Nh5 9. Be3 Nf6 10. Bf4 Nh5 11. Be3 Nf6 1/2-1/2

[Event "1000GM Winter IM Norm-2 2024"]
[Site "Sunnyvale/"]
[Date "2024.01.06"]
[Round "8.6"]
[White "Calderin Gonzalez, Roberto"]
[Black "Yao, Hanchi"]
[Result "1/2-1/2"]
[ECO "A11"]
[WhiteElo "2413"]
[BlackElo "1998"]
[Annotator "RC"]
[PlyCount "48"]
[EventDate "2023.12.14"]
[EventType "schev"]
[EventCountry "USA"]
[SourceTitle "playchess.com"]
[Source "ChessBase"]
[SourceQuality "1"]
[TimeControl "5400+30"]

1. Nf3 d5 2. c4 c6 3. e3 Nf6 4. Qc2 e6 5. b3 Bd6 6. Bb2 Nbd7 7. Nc3 O-O 8. g4 Nxg4 9. Rg1 Nde5 10. Nxe5 Nxe5 11. O-O-O b6 12. f4 Ng6 13. h4 Qxh4 14. Be2 Qe7 15. cxd5 cxd5 16. f5 exf5 17. Nxd5 Qe4 18. Qc3 Be5 19. Ne7+ Nxe7 20. Qxe5 Qxe5 21. Bxe5 Ng6 22. Bc3 Be6 23. Rdf1 Rfd8 24. Rf2 Rac8 1/2-1/2

[Event "1000GM Winter IM Norm-2 2024"]
[Site "Sunnyvale/"]
[Date "2024.01.06"]
[Round "8.7"]
[White "Zuluaga Mancilla, Cesar"]
[Black "Bhatta, Rohit"]
[Result "1-0"]
[ECO "D02"]
[WhiteElo "2251"]
[BlackElo "1867"]
[Annotator "RC"]
[PlyCount "171"]
[EventDate "2023.12.14"]
[EventType "schev"]
[EventCountry "USA"]
[SourceTitle "playchess.com"]
[Source "ChessBase"]
[SourceQuality "1"]
[TimeControl "5400+30"]

1. d4 Nf6 2. Nf3 d5 3. Bf4 c5 4. c3 Qb6 5. Qb3 Nc6 6. dxc5 Qxc5 7. e3 e6 8. Nbd2 Bd6 9. Bg3 a6 10. Qa4 Bxg3 11. hxg3 Bd7 12. Qf4 Rc8 13. g4 Qb6 14. Rb1 Qc7 15. g5 Qxf4 16. exf4 Ng8 17. Bd3 g6 18. Nb3 Kf8 19. Kd2 Kg7 20. Rh4 Rd8 21. Re1 h5 22. Rhh1 Nge7 23. g3 Bc8 24. Rc1 b6 25. Nbd4 Bb7 26. b4 Rc8 27. Nc2 d4 28. cxd4 Nxb4 29. Nxb4 Bxf3 30. Bxa6 Ra8 31. Rhe1 Nd5 32. Nxd5 Bxd5 33. Bc4 Bxc4 34. Rxc4 Rxa2+ 35. Rc2 Ra4 36. Ke3 Rd8 37. Rd2 Rd5 38. Rb1 b5 39. Rb3 Rc4 40. Ra3 Rd8 41. Ra7 Kf8 42. Rb7 Ke8 43. Rxb5 Rc3+ 44. Ke4 Rd7 45. Ke5 Ke7 46. d5 exd5 47. Rbxd5 Rxd5+ 48. Kxd5 Rc7 49. Re2+ Kf8 50. Ra2 Rb7 51. Rc2 Kg7 52. Ke4 Rb4+ 53. Kd3 h4 54. Ke2 hxg3 55. fxg3 Rb6 56. Kf3 Rb1 57. Rc5 Rb3+ 58. Kg2 Rb2+ 59. Kh3 Rf2 60. Rc6 Kg8 61. Rf6 Kg7 62. Rc6 Rf1 63. Rc4 Ra1 64. g4 Ra3+ 65. Kg2 Ra7 66. f5 gxf5 67. gxf5 Ra5 68. Rf4 Ra3 69. Rf3 Ra4 70. Kg3 Rb4 71. Rf4 Rb1 72. Rf2 Rb4 73. Kf3 Ra4 74. Re2 Rb4 75. Re7 Kf8 76. Re4 Rb5 77. Kf4 Kg7 78. Re7 Kf8 79. Rd7 Kg8 80. Ke4 Ra5 81. Rd5 Ra6 82. Ke5 Rb6 83. Rd6 Rb1 84. Kf6 Rf1 85. Rd8+ Kh7 86. Rf8 1-0

[Event "1000GM Winter IM Norm-2 2024"]
[Site "Sunnyvale/"]
[Date "2024.01.06"]
[Round "8.8"]
[White "Hajnal, Zoltan"]
[Black "Stevens, Adam B"]
[Result "1-0"]
[ECO "C07"]
[WhiteElo "2383"]
[BlackElo "1878"]
[Annotator "RC"]
[PlyCount "101"]
[EventDate "2023.12.14"]
[EventType "schev"]
[EventCountry "USA"]
[SourceTitle "playchess.com"]
[Source "ChessBase"]
[SourceQuality "1"]
[TimeControl "5400+30"]

1. e4 e6 2. d4 d5 3. Nd2 c5 4. exd5 Qxd5 5. dxc5 Bxc5 6. Ngf3 Nf6 7. Bc4 Qd6 8. Qe2 O-O 9. Ng5 Qc7 10. Nde4 Be7 11. Bd3 Nbd7 12. Bd2 b6 13. Nxf6+ Nxf6 14. Bc3 g6 15. h4 Nd5 16. Be5 Bd6 17. Bxd6 Qxd6 18. O-O-O h5 19. g3 Qc7 20. Rhe1 Bd7 21. Kb1 Nf6 22. f3 Qxg3 23. Rg1 Qf4 24. Bxg6 fxg6 25. Rxd7 Nxd7 26. Qxe6+ Rf7 27. Qxg6+ Rg7 28. Ne6 Rxg6 29. Rxg6+ Kh7 30. Nxf4 Rf8 31. Rd6 Rxf4 32. Rxd7+ Kg6 33. Rxa7 Rxh4 34. a4 Rh1+ 35. Ka2 h4 36. Rb7 Rg1 37. Rxb6+ Kh5 38. Rb8 Rg6 39. Rd8 h3 40. Rd1 Kh4 41. Rh1 Ra6 42. Ka3 Kg3 43. b4 Kg2 44. Rxh3 Kxh3 45. b5 Ra8 46. Kb4 Kg3 47. b6 Kf4 48. Kb5 Ke5 49. b7 Rb8 50. Kb6 Kd6 51. a5 1-0

[Event "1000GM Winter IM Norm-2 2024"]
[Site "Sunnyvale/"]
[Date "2024.01.06"]
[Round "8.9"]
[White "Rodi, Luis Ernesto"]
[Black "Sivakumar, Shaashwath"]
[Result "0-1"]
[ECO "B90"]
[WhiteElo "2196"]
[BlackElo "2205"]
[Annotator "RC"]
[PlyCount "66"]
[EventDate "2023.12.14"]
[EventType "schev"]
[EventCountry "USA"]
[SourceTitle "playchess.com"]
[Source "ChessBase"]
[SourceQuality "1"]
[TimeControl "5400+30"]

1. e4 c5 2. Nf3 d6 3. d4 cxd4 4. Nxd4 Nf6 5. Nc3 a6 6. Nb3 e6 7. a4 b6 8. g4 Bb7 9. Bg2 Be7 10. Be3 Nc6 11. g5 Nd7 12. f4 Qc7 13. Qe2 Nc5 14. h4 Nb4 15. Nd4 g6 16. Qc4 d5 17. exd5 O-O-O 18. O-O Nxd5 19. Nxd5 Bxd5 20. Qe2 Bb7 21. b4 Ne4 22. b5 Ng3 23. Bxb7+ Qxb7 24. Qc4+ Bc5 25. Rfd1 Qe4 26. Rd3 Ne2+ 27. Kf1 Nxd4 28. Rad1 Qh1+ 29. Bg1 Nf5 30. Rxd8+ Rxd8 31. Rxd8+ Kxd8 32. Qd3+ Kc8 33. Ke2 Qg2+ 0-1

[Event "1000GM Winter IM Norm-2 2024"]
[Site "Sunnyvale/"]
[Date "2024.01.07"]
[Round "9.1"]
[White "Zhou, Ruoyu"]
[Black "Ramirez, Carlos"]
[Result "1/2-1/2"]
[ECO "C01"]
[WhiteElo "2112"]
[BlackElo "2190"]
[Annotator "ChessBase"]
[PlyCount "42"]
[EventDate "2023.12.14"]
[EventType "schev"]
[EventCountry "USA"]
[SourceTitle "playchess.com"]
[Source "ChessBase"]
[SourceQuality "1"]
[TimeControl "5400+30"]

1. e4 e6 2. d4 d5 3. exd5 exd5 4. Nf3 Nc6 5. Bb5 Bd6 6. c4 dxc4 7. d5 a6 8. Ba4 b5 9. dxc6 bxa4 10. O-O Ne7 11. Nbd2 c3 12. Ne4 O-O 13. Qxa4 cxb2 14. Bxb2 Rb8 15. Nxd6 Rxb2 16. Nxc8 Qxc8 17. h3 Rb6 18. Rac1 Qe6 19. Rfe1 Qh6 20. Ne5 Ra8 21. Qe4 Qe6 1/2-1/2

[Event "1000GM Winter IM Norm-2 2024"]
[Site "Sunnyvale/"]
[Date "2024.01.07"]
[Round "9.2"]
[White "Arenas, David"]
[Black "Karthi, Jashith"]
[Result "1-0"]
[ECO "C50"]
[WhiteElo "2406"]
[BlackElo "2032"]
[Annotator "RC"]
[PlyCount "99"]
[EventDate "2023.12.14"]
[EventType "schev"]
[EventCountry "USA"]
[SourceTitle "playchess.com"]
[Source "ChessBase"]
[SourceQuality "1"]
[TimeControl "5400+30"]

1. e4 e5 2. Nf3 Nc6 3. Bc4 Bc5 4. d3 Nf6 5. a4 a6 6. Nc3 d6 7. h3 h6 8. O-O O-O 9. Be3 Nd4 10. Bxd4 Bxd4 11. Nxd4 exd4 12. Ne2 c5 13. Nf4 Re8 14. c3 dxc3 15. bxc3 Bd7 16. Qb3 d5 17. Nxd5 Rb8 18. Nf4 Rf8 19. a5 b5 20. axb6 Rxb6 21. Qa2 Qb8 22. Ng6 Rb2 23. Qxa6 Re8 24. e5 Nh5 25. Qd6 Qxd6 26. exd6 Rb6 27. Ne7+ Kf8 28. Ra7 Nf6 29. Nd5 Rxd6 30. Nxf6 gxf6 31. Rb1 Rd8 32. Rbb7 f5 33. Rc7 Be6 34. Bxe6 fxe6 35. Rh7 Kg8 36. Rag7+ Kf8 37. Rc7 Kg8 38. Rxh6 Rxd3 39. Rg6+ Kh8 40. Rxc5 Re8 41. Rc6 Rd1+ 42. Kh2 Re1 43. Rc4 Re4 44. Rxe4 fxe4 45. Rg4 Rc8 46. Rxe4 Rxc3 47. Rxe6 Kg7 48. Ra6 Kf7 49. f3 Rd3 50. Kg3 1-0

[Event "1000GM Winter IM Norm-2 2024"]
[Site "Sunnyvale/"]
[Date "2024.01.07"]
[Round "9.3"]
[White "Mede, Istvan"]
[Black "Goktepe, Derin"]
[Result "1/2-1/2"]
[ECO "C47"]
[WhiteElo "2187"]
[BlackElo "2187"]
[Annotator "ChessBase"]
[PlyCount "44"]
[EventDate "2023.12.14"]
[EventType "schev"]
[EventCountry "USA"]
[SourceTitle "playchess.com"]
[Source "ChessBase"]
[SourceQuality "1"]
[TimeControl "5400+30"]

1. e4 e5 2. Nf3 Nc6 3. Nc3 Nf6 4. d4 exd4 5. Nxd4 Bb4 6. Nxc6 bxc6 7. Bd3 d5 8. exd5 cxd5 9. O-O O-O 10. h3 c6 11. Qf3 Bd6 12. Bf4 Rb8 13. b3 Qc7 14. Bxd6 Qxd6 15. Qg3 Qxg3 16. fxg3 Re8 17. Rae1 Rxe1 18. Rxe1 Be6 19. Na4 Nd7 20. Kf2 h6 21. Ke3 c5 22. Kd2 Kf8 1/2-1/2

[Event "1000GM Winter IM Norm-2 2024"]
[Site "Sunnyvale/"]
[Date "2024.01.07"]
[Round "9.4"]
[White "Stopa, Jacek"]
[Black "Atwell, Rose"]
[Result "1-0"]
[ECO "A07"]
[WhiteElo "2344"]
[BlackElo "2104"]
[Annotator "RC"]
[PlyCount "91"]
[EventDate "2023.12.14"]
[EventType "schev"]
[EventCountry "USA"]
[SourceTitle "playchess.com"]
[Source "ChessBase"]
[SourceQuality "1"]
[TimeControl "5400+30"]

1. Nf3 d5 2. g3 Nf6 3. Bg2 c6 4. O-O Bg4 5. d3 Nbd7 6. h3 Bh5 7. Nc3 e5 8. e4 dxe4 9. Nxe4 Nxe4 10. dxe4 f6 11. Qe2 Be7 12. Rd1 Qc7 13. a4 a5 14. Be3 O-O 15. Rd2 Rfd8 16. Qf1 Bf7 17. Nh4 g6 18. Nf3 Nc5 19. Rxd8+ Rxd8 20. Nh2 Be6 21. Ng4 Kg7 22. Qc1 Bxg4 23. hxg4 Ne6 24. Bf3 Bc5 25. Bxc5 Nxc5 26. g5 f5 27. exf5 gxf5 28. Qe3 Ne6 29. Re1 e4 30. g4 Qe7 31. Qc3+ Nd4 32. gxf5 Qxg5+ 33. Bg2 Qxf5 34. Rxe4 c5 35. Qxa5 Rd7 36. Qc3 Kf8 37. Qh3 Qg5 38. Kh2 Nf5 39. Qg4 Qh6+ 40. Bh3 Rf7 41. Qf4 Qxf4+ 42. Rxf4 Nd4 43. Rxf7+ Kxf7 44. c3 Nb3 45. Bg2 Na5 46. b4 1-0

[Event "1000GM Winter IM Norm-2 2024"]
[Site "Sunnyvale/"]
[Date "2024.01.07"]
[Round "9.5"]
[White "Calderin Gonzalez, Roberto"]
[Black "Sivakumar, Shaaketh"]
[Result "1/2-1/2"]
[ECO "D55"]
[WhiteElo "2413"]
[BlackElo "2364"]
[Annotator "RC"]
[PlyCount "40"]
[EventDate "2023.12.14"]
[EventType "schev"]
[EventCountry "USA"]
[SourceTitle "playchess.com"]
[Source "ChessBase"]
[SourceQuality "1"]
[TimeControl "5400+30"]

1. d4 e6 2. Nf3 Nf6 3. Bg5 Be7 4. c4 d5 5. Nc3 O-O 6. e3 b6 7. cxd5 Nxd5 8. Nxd5 exd5 9. Bxe7 Qxe7 10. Rc1 Be6 11. Qa4 c5 12. dxc5 bxc5 13. Qa3 Nd7 14. Bb5 Rfc8 15. Nd4 Ne5 16. O-O Rc7 17. Nxe6 fxe6 18. Qc3 Nf7 19. Bd3 Qf6 20. Qc2 g6 1/2-1/2

[Event "1000GM Winter IM Norm-2 2024"]
[Site "Sunnyvale/"]
[Date "2024.01.07"]
[Round "9.6"]
[White "Yao, Hanchi"]
[Black "Zuluaga Mancilla, Cesar"]
[Result "0-1"]
[ECO "D38"]
[WhiteElo "1998"]
[BlackElo "2251"]
[Annotator "RC"]
[PlyCount "163"]
[EventDate "2023.12.14"]
[EventType "schev"]
[EventCountry "USA"]
[SourceTitle "playchess.com"]
[Source "ChessBase"]
[SourceQuality "1"]
[TimeControl "5400+30"]

1. d4 Nf6 2. c4 e6 3. Nc3 Bb4 4. Qc2 d5 5. cxd5 exd5 6. Bg5 c6 7. Nf3 h6 8. Bh4 Be6 9. e3 Nbd7 10. Bd3 O-O 11. O-O Re8 12. h3 Bd6 13. Ne2 Rc8 14. Bg3 Bf8 15. Nf4 Ne4 16. Nxe6 Rxe6 17. Bxe4 dxe4 18. Ne5 Nf6 19. Qb3 Qb6 20. Qxb6 axb6 21. Rac1 Ra8 22. a3 b5 23. f3 Bd6 24. Bh2 exf3 25. Rxf3 Bxe5 26. Bxe5 Nd7 27. Bg3 Nb6 28. Rc2 Rae8 29. Kf2 Nd5 30. Re2 f6 31. Bh2 Re4 32. Bg1 g6 33. Ke1 f5 34. g3 h5 35. Kd2 Kf7 36. Bf2 Ke6 37. Kd3 Kd7 38. h4 Ra8 39. Be1 Rae8 40. Rc2 b6 41. Bd2 Rc8 42. b4 Ra8 43. Bc1 Kd6 44. Rff2 Re6 45. Rg2 Nf6 46. Bb2 Kd5 47. Rge2 Ne4 48. Rg2 Nd6 49. Bc1 Ne4 50. Bb2 Rae8 51. Bc1 R6e7 52. Rb2 Ra8 53. Rb3 Rb7 54. Rb1 Ra4 55. Rc2 Rd7 56. Bb2 Rd6 57. Rbc1 Ra8 58. Rg1 Re6 59. Rgg2 Rae8 60. Bc1 Nd6 61. Rge2 Re4 62. Rg2 Nc4 63. Rge2 Rg4 64. Rg2 Nd6 65. Bd2 Ra8 66. Bc1 Ne4 67. Rg1 Nxg3 68. Rcg2 Ne4 69. Bb2 Rd8 70. Ke2 Nd6 71. Bc1 Re8 72. Kd3 Ree4 73. Rg3 Rxg3 74. Rxg3 Rg4 75. Rh3 Rg2 76. Rh1 Ne4 77. Rf1 Rg4 78. Rf4 Rg1 79. Bb2 Rd1+ 80. Kc2 Rd2+ 81. Kc1 Re2 82. Rf3 0-1

[Event "1000GM Winter IM Norm-2 2024"]
[Site "Sunnyvale/"]
[Date "2024.01.07"]
[Round "9.7"]
[White "Bhatta, Rohit"]
[Black "Hajnal, Zoltan"]
[Result "1/2-1/2"]
[ECO "D13"]
[WhiteElo "1867"]
[BlackElo "2383"]
[Annotator "RC"]
[PlyCount "43"]
[EventDate "2023.12.14"]
[EventType "schev"]
[EventCountry "USA"]
[SourceTitle "playchess.com"]
[Source "ChessBase"]
[SourceQuality "1"]
[TimeControl "5400+30"]

1. d4 d5 2. c4 c6 3. cxd5 cxd5 4. Bf4 Nc6 5. e3 Nf6 6. Nc3 Bf5 7. Nf3 a6 8. Ne5 Qb6 9. Nxc6 bxc6 10. Bd3 Bxd3 11. Qxd3 e6 12. O-O Be7 13. a3 O-O 14. Rfc1 Nd7 15. Na4 Qb5 16. Qd1 Rfc8 17. b4 Nb6 18. Nc3 Qc4 19. Ne2 Qb5 20. Nc3 Qc4 21. Ne2 Qb5 22. Nc3 1/2-1/2

[Event "1000GM Winter IM Norm-2 2024"]
[Site "Sunnyvale/"]
[Date "2024.01.07"]
[Round "9.8"]
[White "Stevens, Adam B"]
[Black "Rodi, Luis Ernesto"]
[Result "0-1"]
[ECO "D35"]
[WhiteElo "1878"]
[BlackElo "2196"]
[Annotator "ChessBase"]
[PlyCount "86"]
[EventDate "2023.12.14"]
[EventType "schev"]
[EventCountry "USA"]
[SourceTitle "playchess.com"]
[Source "ChessBase"]
[SourceQuality "1"]
[TimeControl "5400+30"]

1. d4 Nf6 2. c4 e6 3. Nc3 d5 4. cxd5 exd5 5. Bg5 c6 6. e3 Bd6 7. Bd3 O-O 8. Qc2 h6 9. Bh4 Re8 10. Nge2 a5 11. Bg3 Na6 12. a3 Nc7 13. O-O Ne6 14. Rad1 Ng5 15. Rfe1 Nge4 16. Nxe4 Nxe4 17. Bxd6 Nxd6 18. Nc3 Qg5 19. e4 dxe4 20. Nxe4 Nxe4 21. Rxe4 Bg4 22. Rde1 Rxe4 23. Bxe4 Rd8 24. Qc3 Be6 25. g3 Bh3 26. Rd1 Qb5 27. Bf3 Be6 28. Re1 Qb6 29. Rd1 Bd5 30. Be2 Re8 31. Bf1 a4 32. Rd3 Re6 33. Re3 Rxe3 34. fxe3 Qd8 35. Bg2 Bxg2 36. Kxg2 Qd5+ 37. Kg1 Qf3 38. Qd2 g5 39. Qf2 Qe4 40. Qe2 Kg7 41. Kf2 Qh1 42. Qh5 f5 43. Qh3 g4 0-1

[Event "1000GM Winter IM Norm-2 2024"]
[Site "Sunnyvale/"]
[Date "2024.01.07"]
[Round "9.9"]
[White "Sivakumar, Shaashwath"]
[Black "Dominguez Aguilar, Guillermo"]
[Result "1-0"]
[ECO "A65"]
[WhiteElo "2205"]
[BlackElo "2319"]
[Annotator "RC"]
[PlyCount "53"]
[EventDate "2023.12.14"]
[EventType "schev"]
[EventCountry "USA"]
[SourceTitle "playchess.com"]
[Source "ChessBase"]
[SourceQuality "1"]
[TimeControl "5400+30"]

1. d4 Nf6 2. c4 c5 3. d5 e6 4. Nc3 exd5 5. cxd5 d6 6. e4 g6 7. Nge2 Bg7 8. Ng3 a6 9. a4 h5 10. Be2 Qe7 11. Bg5 Bh6 12. Bxh6 Rxh6 13. Qc2 Nbd7 14. f4 Kf8 15. O-O-O Kg7 16. Rhe1 Ng4 17. Bxg4 hxg4 18. e5 dxe5 19. d6 Qd8 20. Nd5 Nf6 21. Nxf6 Qxf6 22. d7 Qxf4+ 23. Kb1 Bxd7 24. Rxd7 Rxh2 25. Rf1 Qxg3 26. Rfxf7+ Kh8 27. Qxg6 1-0